 Dungeon Crawl Stone Soup version 0.21-a0-538-gd16b88a (webtiles) character file.

179 Lavandula the Cutter (level 5, -1/41 HPs)
             Began as a Mummy Chaos Knight on Dec 16, 2017.
             Slain by a worker ant (6 damage)
             ... on level 4 of the Dungeon.
             The game lasted 00:05:27 (3320 turns).

Lavandula the Cutter (Mummy Chaos Knight)           Turns: 3320, Time: 00:05:27

Health: -1/41      AC: 12    Str: 16    XL:     5   Next: 33%
Magic:  5/5        EV: 11    Int: 11    God:    Xom [....*.]
Gold:   156        SH:  0    Dex: 16    Spells: 4/4 levels left

rFire    x . .     SeeInvis .   g - +2 dagger (protect)
rCold    + . .     Gourm    .   (no shield)
rNeg     + + +     Faith    .   b - +2 leather armour
rPois    ∞         Spirit   .   (no helmet)
rElec    .         Reflect  .   (no cloak)
rCorr    .         Harm     .   (no gloves)
MR       +....                  (no boots)
Stlth    +.........             h - amulet of regeneration
HPRegen  0.53/turn              q - +4 ring of dexterity
MPRegen  0.09/turn              m - ring of protection from magic

@: protection aura
A: no food or potions, fire vulnerability, cold resistance 1, negative energy
resistance 3, torment resistance, unbreathing
a: Renounce Religion


You were on level 4 of the Dungeon.
You worshipped Xom.
You were a beloved toy of Xom.
You were not hungry.

You visited 1 branch of the dungeon, and saw 4 of its levels.

You collected 156 gold pieces.

Inventory:

Hand Weapons
 a - a +0 short sword of chaos
 e - a +0 dagger of speed
 g - a +2 dagger of protection (weapon)
Missiles
 k - 2 curare-tipped needles
Armour
 b - a +2 leather armour (worn)
Magical Staves
 l - an uncursed staff of power {unknown}
 n - an uncursed staff of wizardry {unknown}
Jewellery
 h - an amulet of regeneration (around neck)
 m - a ring of protection from magic (right hand)
 q - a +4 ring of dexterity (left hand)
Wands
 p - a wand of polymorph (5)
Scrolls
 c - a scroll of teleportation {unknown}
 d - a scroll of noise {unknown}
 f - 3 scrolls of identify {unknown}
 i - 2 scrolls of fog {unknown}
 j - a scroll of immolation {unknown}
 o - a scroll of blinking {unknown}


   Skills:
 - Level 3.0 Fighting
 + Level 5.0 Short Blades
 - Level 1.5 Armour
 - Level 0.7 Dodging


You had 4 spell levels left.
You didn't know any spells.

Dungeon Overview and Level Annotations

Branches:
Dungeon (4/15)
 Temple: D:4-7

Altars:
Ashenzari
Cheibriados
Okawaru
Xom


Innate Abilities, Weirdness & Mutations

You do not eat or drink.
Your flesh is vulnerable to fire.
You are immune to poison.
Your flesh is cold resistant. (rC+)
You are immune to negative energy. (rN+++)
You are immune to unholy pain and torment.
You can survive without breathing.


Message History

The worker ant is almost dead.
The worker ant bites you but does no damage.
You completely miss the worker ant.
The worker ant is almost dead.
The worker ant barely misses you.
You hit the worker ant but do no damage.
The worker ant is almost dead.
The worker ant closely misses you.
You hit the worker ant but do no damage.
The worker ant is almost dead.
The worker ant bites you but does no damage.
You barely miss the worker ant.
The worker ant is almost dead.
The worker ant bites you.
* * * LOW HITPOINT WARNING * * *
You hit the worker ant.
The worker ant is almost dead.
The worker ant bites you.
You die... "This toy is broken."

#.#####.....# #.#
###.#...#.....###.########
........#......##.........
........#....#.##.########
........+..............!.
.....)..#....##.#)#######
......†.......#..........
..............#...#######.
..............#.@.<.......
.........##.#.#a..........
..#.....?.....†....###....
. #.#.............=..# ...
#.#..............#.# . #
#................#
#...............##
#$...........#..#
#####.##.###...#


You could see a worker ant.

Vanquished Creatures
  An orc wizard (D:3)
  A worker ant (D:4)
  Ijyb (D:3)
  3 adders (D:2)
  A worm (D:2)
  2 dart slugs (D:3)
  3 leopard geckos
  3 orcs (D:3)
  6 bats
  4 giant cockroaches
  10 goblins
  2 hobgoblins
  4 jackals
  2 quokkas
  3 ball pythons
  A frilled lizard (D:2)
  6 kobolds
  10 rats
63 creatures vanquished.

Notes
Turn   | Place    | Note
-------+----------+-------------------------------------------
     0 | D:1      | Lavandula the Mummy Chaos Knight began the quest for the Orb.
     0 | D:1      | Reached XP level 1. HP: 18/18 MP: 1/1
    92 | D:1      | XOM: silly message
   359 | D:1      | Reached skill level 3 in Short Blades
   359 | D:1      | Reached XP level 2. HP: 17/24 MP: 2/2
   892 | D:2      | Found a snail-covered altar of Cheibriados.
   936 | D:2      | XOM: noise
   950 | D:2      | Reached XP level 3. HP: 22/29 MP: 3/3
  1017 | D:2      | XOM: harmless Ice miscast
  1203 | D:2      | Found an iron altar of Okawaru.
  1322 | D:2      | Found a shattered altar of Ashenzari.
  1368 | D:2      | XOM: noise
  1559 | D:2      | XOM: scenery: create altars
  1607 | D:2      | Reached skill level 4 in Short Blades
  1787 | D:2      | Reached XP level 4. HP: 23/35 MP: 4/4
  2126 | D:3      | Noticed an ogre
  2144 | D:3      | XOM: noise
  2145 | D:3      | XOM: potion effect (agility)
  2151 | D:3      | XOM: summons 4 friendly demons
  2379 | D:3      | XOM: medium Summ miscast
  2380 | D:3      | Noticed a hellwing
  2827 | D:3      | Noticed Ijyb
  2856 | D:3      | Killed Ijyb
  2877 | D:3      | XOM: cloud trail
  2916 | D:3      | XOM: smoke on damage
  2970 | D:3      | XOM: fake destruction
  2981 | D:3      | Noticed a fire bat
  2981 | D:3      | an ogre changed into a fire bat
  2981 | D:3      | XOM: polymorph ogre -> fire bat
  2995 | D:3      | XOM: scenery: create altars
  3159 | D:3      | XOM: summons friendly ufetubus
  3165 | D:3      | XOM: polymorph ufetubus -> shadow imp
  3171 | D:3      | Reached XP level 5. HP: 23/41 MP: 5/5
  3175 | D:3      | XOM: 1-stop teleportation journey
  3285 | D:4      | Reached skill level 5 in Short Blades
  3285 | D:4      | HP: 2/41 [quokka (3)]
  3296 | D:4      | HP: 2/41 [quokka (1)]
  3309 | D:4      | HP: 2/41 [worker ant (4)]
  3320 | D:4      | Slain by a worker ant

Vault maps used:
D:1:      minmay_arrival_arboretum_large
D:2:      nicolae_overflow_crystal_walls, okawaru_trees_2,
          nicolae_ashenzari_panopticon, minmay_ruptured
D:3:      first_bread, guppyfry_early_lair_pool, uniq_ijyb
D:4:      lemuel_crystal_altar

Skill      XL: |  1  2  3  4  5 |
---------------+----------------+-----
Short Blades   | 3 4 5 |  5.0
Fighting       | |  3.0
Armour         | |  1.5
Dodging        | |  0.7

Action                   |  1- 3 |  4- 6 || total
-------------------------+-------+-------++-------
Melee: Short sword       |    87 |    30 ||   117
       Dagger            |    97 |   119 ||   216
Armor: Leather armour    |    68 |    42 ||   110
Dodge: Dodged            |   118 |    73 ||   191

Table legend:
 A = Spawn XP
 B = Non-spawn XP
 C = Spawn XP percentage of total XP
 D = Spawn monster count
 E = Non-spawn monster count
 F = Spawn count percentage of total count
 G = Total turns spent on level
                    A         B        C        D         E        F      G
               +---------+---------+-------+---------+---------+-------+---------
         Total |       0 |     257 |   0.0 |       0 |      63 |   0.0 |  3320
               +---------+---------+-------+---------+---------+-------+---------
           D:1 |       0 |      29 |   0.0 |       0 |      19 |   0.0 |   874
           D:2 |       0 |      72 |   0.0 |       0 |      19 |   0.0 |  1702
           D:3 |       0 |     113 |   0.0 |       0 |      21 |   0.0 |   672
           D:4 |       0 |      43 |   0.0 |       0 |       4 |   0.0 |    72
               +---------+---------+-------+---------+---------+-------+---------
